Anaheim Ducks vs Vegas Golden Knights
Created - Thursday, May 18, 2023 at 07:01
Goals
|
| Anaheim Ducks |
1 |
1 |
2 |
4 |
| Vegas Golden Knights |
1 |
0 |
1 |
2 |
|
Shots
|
| Anaheim Ducks |
11 |
7 |
11 |
29 |
| Vegas Golden Knights |
8 |
11 |
13 |
32 |
|
1st period
1. Anaheim Ducks , William Nylander 27 (Nazem Kadri 44) at 9:12 (PP)
2. Vegas Golden Knights , Vladislav Namestnikov 5 (Jonathan Drouin 13, Marc-Edouard Vlasic 8) at 17:03
Penalties :
John Tavares (ANA) for Hooking (Minor) at 6:32, Jonathan Drouin (VGK) for Hooking (Minor) at 9:11, J.T. Compher (ANA) for Tripping (Minor) at 9:56
2nd period
3. Anaheim Ducks , Brayden Schenn 17 (John Tavares 23) at 14:29 (PP)
Penalties :
Josh Morrissey (ANA) for Interference (Minor) at 4:00, Jakob Chychrun (ANA) for Interference (Minor) at 7:44, Mason Marchment (ANA) for Tripping (Minor) at 10:13, Andrew Peeke (VGK) for High sticking (Minor) at 13:50
3rd period
4. Vegas Golden Knights , Colin White 10 (Artemi Panarin 43) at 4:13 (PP)
5. Anaheim Ducks , Nazem Kadri 29 (Mark Scheifele 28, William Nylander 36) at 18:58 (PP)
6. Anaheim Ducks , Chandler Stephenson 11 (Alex Killorn 19, Esa Lindell 13) at 19:54 (Empty Net)
Penalties :
Brenden Dillon (ANA) for Interference (Minor) at 3:53, P.K. Subban (VGK) for Roughing (Minor) at 9:31, John Tavares (ANA) for Interference (Minor) at 10:16, Andreas Johnsson (VGK) for Goalie Interference (Minor) at 12:37, Brenden Dillon (ANA) for Hooking (Minor) at 16:31, Marc Staal (VGK) for Tripping (Minor) at 18:46
Goalie Stats
Linus Ullmark (ANA), 30 saves from 32 shots - (0.938), W, 19-11-5, 60:00 minutes
Casey DeSmith (VGK), 25 saves from 28 shots - (0.893), L, 12-13-5, 59:48 minutes
Players Stats for Anaheim Ducks
Player Name G A P +/- PIM S H SB GA TA FO MP PP MP PK MP
------------------------------------------------------------------------------------
Alex Killorn 0 1 1 0 0 3 0 0 1 1 0/0 16:48 0:00 7:10
Brayden Schenn 1 0 1 0 0 1 2 1 2 0 1/1 17:12 1:33 3:28
Brenden Dillon 0 0 0 -1 4 0 0 2 1 1 0/0 11:32 0:00 0:37
Calle Jarnkrok 0 0 0 0 0 1 0 0 0 0 0/0 7:01 0:00 0:09
Chandler Stephenson 1 0 1 0 0 2 0 0 0 0 6/15 16:48 0:00 7:10
Esa Lindell 0 1 1 1 0 1 1 1 0 2 0/0 24:42 1:12 7:49
Ivan Provorov 0 0 0 1 0 2 0 1 0 0 0/0 30:30 2:24 7:38
J.T. Compher 0 0 0 -1 2 0 0 1 0 0 0/0 13:50 0:00 4:21
Jakob Chychrun 0 0 0 0 2 2 0 0 0 0 0/0 18:09 1:12 4:13
John Tavares 0 1 1 0 4 1 1 0 1 0 11/14 13:59 1:32 0:30
Josh Manson 0 0 0 -1 0 0 1 1 0 0 0/0 15:24 0:00 5:23
Josh Morrissey 0 0 0 0 2 0 0 1 0 1 0/0 19:58 2:24 0:18
Mark Scheifele 0 1 1 0 0 3 1 0 0 0 5/5 15:51 2:03 0:00
Mason Marchment 0 0 0 0 2 2 1 0 1 0 0/0 6:56 0:00 0:00
Nazem Kadri 1 1 2 0 0 4 1 0 0 1 15/26 16:37 2:03 0:05
Radek Faksa 0 0 0 1 0 1 2 0 0 0 2/4 11:25 0:00 3:05
Teuvo Teravainen 0 0 0 0 0 1 1 0 2 0 0/2 12:43 1:33 0:00
William Nylander 1 1 2 0 0 5 0 0 1 0 0/0 16:14 2:03 0:00
Players Stats for Vegas Golden Knights
Player Name G A P +/- PIM S H SB GA TA FO MP PP MP PK MP
------------------------------------------------------------------------------------
Andreas Johnsson 0 0 0 0 2 1 1 0 0 0 0/0 11:39 4:50 0:00
Andrew Peeke 0 0 0 0 2 0 1 2 0 0 0/0 15:36 0:00 2:14
Anthony Cirelli 0 0 0 0 0 1 4 0 0 1 4/7 13:44 1:36 0:27
Artemi Panarin 0 1 1 -1 0 5 0 1 0 0 2/4 21:30 6:35 0:00
Brian Dumoulin 0 0 0 -1 0 0 0 2 0 0 0/0 21:53 0:15 0:47
Colin White 1 0 1 0 0 6 0 0 0 1 4/9 11:56 5:33 0:00
Jaden Schwartz 0 0 0 0 0 2 3 0 0 0 0/0 19:48 8:09 0:23
John Marino 0 0 0 -1 0 2 1 0 0 2 0/0 27:04 4:50 0:47
Jonathan Drouin 0 1 1 1 2 0 0 2 0 0 0/0 10:23 0:03 0:00
Jordan Staal 0 0 0 -1 0 1 2 2 1 0 10/35 19:52 0:45 2:33
Marc Staal 0 0 0 0 2 0 2 2 0 3 0/0 16:19 0:01 2:37
Marc-Edouard Vlasic 0 1 1 1 0 0 0 1 0 1 0/0 9:32 0:43 0:47
P.K. Subban 0 0 0 1 2 1 0 0 0 0 0/0 16:28 8:23 0:00
Rickard Rakell 0 0 0 0 0 3 0 0 3 1 1/1 17:50 6:21 0:00
Tom Wilson 0 0 0 -1 0 4 1 0 1 0 0/1 23:45 6:35 2:46
Victor Olofsson 0 0 0 0 0 3 1 0 0 0 0/0 11:17 3:55 0:00
Vladislav Namestnikov 1 0 1 1 0 2 2 0 0 0 5/9 14:56 5:36 0:36
Zach Parise 0 0 0 1 0 1 0 1 1 0 1/1 11:33 0:45 0:27
3 Stars
1 - Nazem Kadri (ANA)
2 - William Nylander (ANA)
3 - Brayden Schenn (ANA)
Power Play
Anaheim Ducks - 3 on 5 Attempt(s) - 60.00%
Vegas Golden Knights - 1 on 8 Attempt(s) - 12.50%
Penalty Kill
Anaheim Ducks - 7 on 8 Attempt(s) - 87.50%
- Score 0 goal in Penalty Kill
Vegas Golden Knights - 2 on 5 Attempt(s) - 40.00%
- Score 0 goal in Penalty Kill
Team Stat
Anaheim Ducks - Hits : 11 - Faceoff Wins : 40 - Blocked Shots : 8 - Penalty Minutes : 16
Vegas Golden Knights - Hits : 18 - Faceoff Wins : 27 - Blocked Shots : 13 - Penalty Minutes : 10
Official
Referees : Dennis LaRue and Kendrick Nicholson
Linesman : Mike Cvik and Darren Gibbs
Game Notes
Chandler Stephenson has scored in a empty net!
Finance
Level 1 -- Attendance: 5403 (90.05%) -- Ticket Income $513,285
Level 2 -- Attendance: 4458 (89.16%) -- Ticket Income $245,190
Level 3 -- Attendance: 2802 (93.40%) -- Ticket Income $84,060
Level 4 -- Attendance: 4459 (89.18%) -- Ticket Income $89,180
Luxury Box -- Attendance: 970 (97.00%) -- Ticket Income $184,300
Game was played at the T-Mobile Arena.
Total Attendance: 18092 (90.46%)
Total Ticket Income: $1,116,015
Other Income: $390,605
Total Income: $1,506,620
Anaheim Ducks
5 vs 5 Forward
Center Left Wing Right Wing Time % Phy DF OF
1 Nazem Kadri Mark Scheifele William Nylander 37 1 2 2
2 John Tavares Brayden Schenn Teuvo Teravainen 33 1 2 2
3 Chandler Stephenson J.T. Compher Alex Killorn 25 1 2 2
4 Radek Faksa Calle Jarnkrok Mason Marchment 5 1 2 2
5 vs 5 Defense
Defense Defense Time % Phy DF OF
1 Ivan Provorov Josh Morrissey 40 1 2 2
2 Jakob Chychrun Esa Lindell 30 1 2 2
3 Brenden Dillon Josh Manson 20 1 2 2
4 Ivan Provorov Esa Lindell 10 1 2 2
PowerPlay Forward
Center Left Wing Right Wing Time % Phy DF OF
1 Nazem Kadri Mark Scheifele William Nylander 60 1 2 2
2 John Tavares Brayden Schenn Teuvo Teravainen 40 1 2 2
PowerPlay Defense
Defense Defense Time % Phy DF OF
1 Ivan Provorov Josh Morrissey 60 1 2 2
2 Esa Lindell Jakob Chychrun 40 1 2 2
Penalty Kill 4 Players Forward
Center Wing Time % Phy DF OF
1 Chandler Stephenson Alex Killorn 60 1 2 2
2 Radek Faksa J.T. Compher 40 1 2 2
Penalty Kill 4 Players Defense
Defense Defense Time % Phy DF OF
1 Ivan Provorov Esa Lindell 60 1 2 2
2 Josh Manson Jakob Chychrun 40 1 2 2
Penalty Kill - 3 Players Forward
Forward Time % Phy DF OF
1 Alex Killorn 60 1 2 2
2 Chandler Stephenson 40 1 2 2
Penalty Kill - 3 Players Defense
Defense Defense Time % Phy DF OF
1 Ivan Provorov Esa Lindell 60 1 2 2
2 Josh Manson Jakob Chychrun 40 1 2 2
4 vs 4 Forward
Center Wing Time % Phy DF OF
1 Nazem Kadri William Nylander 60 1 2 2
2 John Tavares Mark Scheifele 40 1 2 2
4 vs 4 Defense
Defense Defense Time % Phy DF OF
1 Esa Lindell Ivan Provorov 60 1 2 2
2 Brenden Dillon Jakob Chychrun 40 1 2 2
Last Minutes Offensive
Center Left Wing Right Wing Defense Defense
Nazem Kadri Mark Scheifele William Nylander Jakob Chychrun Josh Morrissey
Last Minutes Defensive
Center Left Wing Right Wing Defense Defense
Chandler Stephenson Alex Killorn Radek Faksa Ivan Provorov Esa Lindell
Goaltenders
Starting : Linus Ullmark
Backup : Jack Campbell
Extra Forwards
Normal : Nazem Kadri, William Nylander, Mark Scheifele - PP : William Nylander, Nazem Kadri - PK : Alex Killorn
Extra Defensemen
Normal : Ivan Provorov, Esa Lindell, Jakob Chychrun - PP : Josh Morrissey - PK : Ivan Provorov, Esa Lindell
Penalty Shots
Jakob Chychrun, Brenden Dillon, Mark Scheifele, John Tavares, Nazem Kadri
Vegas Golden Knights
5 vs 5 Forward
Center Left Wing Right Wing Time % Phy DF OF
1 Jordan Staal Artemi Panarin Tom Wilson 40 1 2 2
2 Anthony Cirelli Jaden Schwartz Rickard Rakell 30 1 2 2
3 Vladislav Namestnikov Zach Parise Jonathan Drouin 20 1 2 2
4 Colin White Andreas Johnsson Victor Olofsson 10 1 2 2
5 vs 5 Defense
Defense Defense Time % Phy DF OF
1 Brian Dumoulin John Marino 40 1 2 2
2 Marc Staal Andrew Peeke 30 1 2 2
3 Marc-Edouard Vlasic P.K. Subban 20 1 2 2
4 Brian Dumoulin John Marino 10 1 2 2
PowerPlay Forward
Center Left Wing Right Wing Time % Phy DF OF
1 Colin White Artemi Panarin Tom Wilson 60 1 2 2
2 Vladislav Namestnikov Andreas Johnsson Rickard Rakell 40 1 2 2
PowerPlay Defense
Defense Defense Time % Phy DF OF
1 Jaden Schwartz P.K. Subban 60 1 2 2
2 Victor Olofsson John Marino 40 1 2 2
Penalty Kill 4 Players Forward
Center Wing Time % Phy DF OF
1 Jordan Staal Tom Wilson 60 1 2 2
2 Anthony Cirelli Zach Parise 40 1 2 2
Penalty Kill 4 Players Defense
Defense Defense Time % Phy DF OF
1 Marc Staal Andrew Peeke 60 1 2 2
2 Marc-Edouard Vlasic Brian Dumoulin 40 1 2 2
Penalty Kill - 3 Players Forward
Forward Time % Phy DF OF
1 Anthony Cirelli 60 1 2 2
2 Zach Parise 40 1 2 2
Penalty Kill - 3 Players Defense
Defense Defense Time % Phy DF OF
1 Marc Staal Andrew Peeke 60 1 2 2
2 Marc-Edouard Vlasic Brian Dumoulin 40 1 2 2
4 vs 4 Forward
Center Wing Time % Phy DF OF
1 Jordan Staal Artemi Panarin 60 1 2 2
2 Anthony Cirelli Tom Wilson 40 1 2 2
4 vs 4 Defense
Defense Defense Time % Phy DF OF
1 Marc Staal Andrew Peeke 60 1 2 2
2 Brian Dumoulin John Marino 40 1 2 2
Last Minutes Offensive
Center Left Wing Right Wing Defense Defense
Jordan Staal Artemi Panarin Tom Wilson Brian Dumoulin John Marino
Last Minutes Defensive
Center Left Wing Right Wing Defense Defense
Jordan Staal Zach Parise Tom Wilson Brian Dumoulin Andrew Peeke
Goaltenders
Starting : Casey DeSmith
Backup : Philipp Grubauer
Extra Forwards
Normal : Rickard Rakell, Artemi Panarin, Jordan Staal - PP : Anthony Cirelli, Zach Parise - PK : Vladislav Namestnikov
Extra Defensemen
Normal : Marc Staal, John Marino, Brian Dumoulin - PP : Marc Staal - PK : John Marino, P.K. Subban
Penalty Shots
Artemi Panarin, Rickard Rakell, Andreas Johnsson, Anthony Cirelli, Victor Olofsson
% Time on Ice - Anaheim Ducks
Lines # - Real PCT - Wanted PCT - Time Play
Normal Forward
1 - 34% - 37% - 13:52
2 - 29% - 33% - 11:54
3 - 21% - 25% - 8:40
4 - 17% - 5% - 6:49
Normal Defense
1 - 43% - 40% - 17:38
2 - 30% - 30% - 12:18
3 - 24% - 20% - 9:51
4 - 4% - 10% - 1:28
PP Forward
1 - 57% - 60% - 2:03
2 - 43% - 40% - 1:33
PP Defense
1 - 67% - 60% - 2:24
2 - 33% - 40% - 1:12
PK Forward
1 - 76% - 60% - 9:54
2 - 24% - 40% - 3:05
PK Defense
1 - 56% - 60% - 7:18
2 - 44% - 40% - 5:41
PK3 Forward
1 - 0% - 60%
2 - 0% - 40%
PK3 Defense
1 - 0% - 60%
2 - 0% - 40%
44 Forward
1 - 73% - 60% - 0:54
2 - 27% - 40% - 0:20
44 Defense
1 - 51% - 60% - 0:38
2 - 49% - 40% - 0:36
Last Minute Offensive - 0:00
Last Minute Defensive - 0:56
Total
Forward - 60:00
Defense - 60:00
|
% Time on Ice - Vegas Golden Knights
Lines # - Real PCT - Wanted PCT - Time Play
Normal Forward
1 - 33% - 40% - 13:40
2 - 27% - 30% - 11:03
3 - 24% - 20% - 10:03
4 - 16% - 10% - 6:29
Normal Defense
1 - 41% - 40% - 16:59
2 - 35% - 30% - 14:19
3 - 19% - 20% - 7:52
4 - 5% - 10% - 2:05
PP Forward
1 - 57% - 60% - 7:23
2 - 43% - 40% - 5:36
PP Defense
1 - 63% - 60% - 8:09
2 - 37% - 40% - 4:50
PK Forward
1 - 88% - 60% - 3:09
2 - 13% - 40% - 0:27
PK Defense
1 - 78% - 60% - 2:49
2 - 22% - 40% - 0:47
PK3 Forward
1 - 0% - 60%
2 - 0% - 40%
PK3 Defense
1 - 0% - 60%
2 - 0% - 40%
44 Forward
1 - 76% - 60% - 0:56
2 - 24% - 40% - 0:18
44 Defense
1 - 0% - 60% - 0:00
2 - 100% - 40% - 1:14
Last Minute Offensive - 0:56
Last Minute Defensive - 0:00
Total
Forward - 60:00
Defense - 60:00
|
Play-by-Play
1st period
0:01 of 1st period - Mark Scheifele wins face-off versus Jordan Staal in neutral zone.
0:04 of 1st period - Snap shot by William Nylander.
0:04 of 1st period - Stopped by Casey DeSmith without a rebound.
0:05 of 1st period - Nazem Kadri wins face-off versus Jordan Staal in Vegas Golden Knights zone.
1:40 of 1st period - Backhand shot by Artemi Panarin.
1:40 of 1st period - Stopped by Linus Ullmark with a rebound.
1:42 of 1st period - Wrist shot by Jordan Staal.
1:42 of 1st period - Shot Blocked by Josh Manson.
2:02 of 1st period - Marc-Edouard Vlasic is hit by Teuvo Teravainen and loses puck.
2:38 of 1st period - Josh Morrissey is hit by Andrew Peeke and loses puck.
2:59 of 1st period - William Nylander is hit by Marc Staal and loses puck.
3:45 of 1st period - Off-side.
3:46 of 1st period - Vladislav Namestnikov wins face-off versus Radek Faksa in neutral zone.
4:20 of 1st period - Snap shot by Mason Marchment.
4:20 of 1st period - Stopped by Casey DeSmith without a rebound.
4:21 of 1st period - Mark Scheifele wins face-off versus Jordan Staal in Vegas Golden Knights zone.
4:28 of 1st period - Slapshot by William Nylander.
4:28 of 1st period - Stopped by Casey DeSmith with a rebound.
4:30 of 1st period - Slapshot by Jakob Chychrun.
4:30 of 1st period - Shot Hit the Post.
4:32 of 1st period - Snap shot by Esa Lindell.
4:32 of 1st period - Shot Blocked by Brian Dumoulin.
4:48 of 1st period - Ivan Provorov is hit by Jaden Schwartz and loses puck.
5:11 of 1st period - Snap shot by Alex Killorn.
5:11 of 1st period - Shot Misses the Net.
6:14 of 1st period - Marc-Edouard Vlasic is hit by Brayden Schenn and loses puck.
6:21 of 1st period - Snap shot by John Tavares.
6:21 of 1st period - Stopped by Casey DeSmith without a rebound.
6:22 of 1st period - John Tavares wins face-off versus Anthony Cirelli in Vegas Golden Knights zone.
6:32 of 1st period - Minor Penalty to John Tavares for Hooking.
6:33 of 1st period - Chandler Stephenson wins face-off versus Colin White in Anaheim Ducks zone.
8:32 of 1st period - Penalty to John Tavares is over, John Tavares is back on ice.
8:42 of 1st period - Snap shot by Mark Scheifele.
8:42 of 1st period - Stopped by Casey DeSmith without a rebound.
8:43 of 1st period - Mark Scheifele wins face-off versus Vladislav Namestnikov in Vegas Golden Knights zone.
8:50 of 1st period - Slapshot by Nazem Kadri.
8:50 of 1st period - Shot Blocked by Andrew Peeke.
8:52 of 1st period - Wrist shot by Nazem Kadri.
8:52 of 1st period - Deflect By Mark Scheifele.
8:52 of 1st period - Stopped by Casey DeSmith without a rebound.
8:53 of 1st period - Brayden Schenn wins face-off versus Vladislav Namestnikov in Vegas Golden Knights zone.
9:11 of 1st period - Minor Penalty to Jonathan Drouin for Hooking.
9:12 of 1st period - Nazem Kadri wins face-off versus Tom Wilson in Vegas Golden Knights zone.
9:12 of 1st period - Slapshot by William Nylander.
9:12 of 1st period - Goal by William Nylander - Anaheim Ducks : 1 - Vegas Golden Knights : 0.
9:13 of 1st period - Nazem Kadri wins face-off versus Artemi Panarin in neutral zone.
9:16 of 1st period - Snap shot by Nazem Kadri.
9:16 of 1st period - Stopped by Casey DeSmith without a rebound.
9:17 of 1st period - Nazem Kadri wins face-off versus Jordan Staal in Vegas Golden Knights zone.
9:18 of 1st period - Snap shot by Mark Scheifele.
9:18 of 1st period - Shot Misses the Net.
9:29 of 1st period - Wrist shot by Tom Wilson.
9:29 of 1st period - Stopped by Linus Ullmark with a rebound.
9:33 of 1st period - Slapshot by Tom Wilson.
9:33 of 1st period - Stopped by Linus Ullmark without a rebound.
9:34 of 1st period - Anthony Cirelli wins face-off versus Chandler Stephenson in Anaheim Ducks zone.
9:56 of 1st period - Minor Penalty to J.T. Compher for Tripping.
9:57 of 1st period - Colin White wins face-off versus Chandler Stephenson in Anaheim Ducks zone.
11:56 of 1st period - Penalty to J.T. Compher is over, J.T. Compher is back on ice.
12:18 of 1st period - Snap shot by Zach Parise.
12:18 of 1st period - Shot Blocked by Ivan Provorov.
12:44 of 1st period - Wrist shot by Mark Scheifele.
12:44 of 1st period - Shot Misses the Net.
14:47 of 1st period - Wrist shot by Mason Marchment.
14:47 of 1st period - Shot Misses the Net.
14:49 of 1st period - Snap shot by Jakob Chychrun.
14:49 of 1st period - Shot Blocked by Marc-Edouard Vlasic.
15:20 of 1st period - Icing by Rickard Rakell.
15:21 of 1st period - Colin White wins face-off versus Chandler Stephenson in Vegas Golden Knights zone.
16:04 of 1st period - Snap shot by Anthony Cirelli.
16:04 of 1st period - Stopped by Linus Ullmark without a rebound.
16:05 of 1st period - Anthony Cirelli wins face-off versus Nazem Kadri in Anaheim Ducks zone.
16:20 of 1st period - Wrist shot by Mark Scheifele.
16:20 of 1st period - Stopped by Casey DeSmith with a rebound.
16:55 of 1st period - Snap shot by Jonathan Drouin.
16:55 of 1st period - Shot Blocked by Brenden Dillon.
16:57 of 1st period - Snap shot by Vladislav Namestnikov.
16:57 of 1st period - Stopped by Linus Ullmark with a rebound.
17:01 of 1st period - Wrist shot by Jonathan Drouin.
17:01 of 1st period - Shot Misses the Net.
17:03 of 1st period - Snap shot by Vladislav Namestnikov.
17:03 of 1st period - Goal by Vladislav Namestnikov - Anaheim Ducks : 1 - Vegas Golden Knights : 1.
17:04 of 1st period - Mark Scheifele wins face-off versus Jordan Staal in neutral zone.
17:12 of 1st period - Snap shot by Tom Wilson.
17:12 of 1st period - Stopped by Linus Ullmark without a rebound.
17:13 of 1st period - Nazem Kadri wins face-off versus Jordan Staal in Anaheim Ducks zone.
17:26 of 1st period - Snap shot by Tom Wilson.
17:26 of 1st period - Deflect By Artemi Panarin.
17:26 of 1st period - Stopped by Linus Ullmark without a rebound.
17:27 of 1st period - Jordan Staal wins face-off versus Nazem Kadri in Anaheim Ducks zone.
17:40 of 1st period - Off-side.
17:41 of 1st period - Jordan Staal wins face-off versus John Tavares in neutral zone.
18:08 of 1st period - J.T. Compher is hit by Anthony Cirelli and loses puck.
18:56 of 1st period - Wrist shot by Teuvo Teravainen.
18:56 of 1st period - Shot Hit the Post.
19:33 of 1st period - Snap shot by Alex Killorn.
19:33 of 1st period - Stopped by Casey DeSmith with a rebound.
19:35 of 1st period - Slapshot by Josh Manson.
19:35 of 1st period - Deflect By Alex Killorn.
19:35 of 1st period - Shot Blocked by Marc Staal.
19:35 of 1st period - Puck is out of play.
19:36 of 1st period - Chandler Stephenson wins face-off versus Anthony Cirelli in Vegas Golden Knights zone.
19:41 of 1st period - Snap shot by Alex Killorn.
19:41 of 1st period - Shot Misses the Net.
19:57 of 1st period - Snap shot by Alex Killorn.
19:57 of 1st period - Stopped by Casey DeSmith without a rebound.
19:58 of 1st period - Jordan Staal wins face-off versus Nazem Kadri in Vegas Golden Knights zone.
Goals for this period are 1 for Anaheim Ducks vs 1 for Vegas Golden Knights.
Shots for this period are 11 for Anaheim Ducks vs 8 for Vegas Golden Knights.
2nd period
0:01 of 2nd period - Jordan Staal wins face-off versus Nazem Kadri in neutral zone.
0:55 of 2nd period - Snap shot by Zach Parise.
0:55 of 2nd period - Stopped by Linus Ullmark without a rebound.
0:56 of 2nd period - Jordan Staal wins face-off versus Nazem Kadri in Anaheim Ducks zone.
1:32 of 2nd period - Backhand shot by Brayden Schenn.
1:32 of 2nd period - Shot Misses the Net.
1:57 of 2nd period - Wrist shot by Colin White.
1:57 of 2nd period - Stopped by Linus Ullmark without a rebound.
1:58 of 2nd period - Jordan Staal wins face-off versus Nazem Kadri in Anaheim Ducks zone.
2:52 of 2nd period - Snap shot by Victor Olofsson.
2:52 of 2nd period - Stopped by Linus Ullmark without a rebound.
2:53 of 2nd period - Nazem Kadri wins face-off versus Colin White in Anaheim Ducks zone.
3:04 of 2nd period - Snap shot by William Nylander.
3:04 of 2nd period - Stopped by Casey DeSmith without a rebound.
3:05 of 2nd period - Nazem Kadri wins face-off versus Jordan Staal in Vegas Golden Knights zone.
3:14 of 2nd period - Mark Scheifele is hit by John Marino and loses puck.
3:19 of 2nd period - Wrist shot by Artemi Panarin.
3:19 of 2nd period - Stopped by Linus Ullmark with a rebound.
3:21 of 2nd period - Snap shot by John Marino.
3:21 of 2nd period - Stopped by Linus Ullmark without a rebound.
3:22 of 2nd period - John Tavares wins face-off versus Anthony Cirelli in Anaheim Ducks zone.
3:33 of 2nd period - John Tavares is hit by Jaden Schwartz and loses puck.
4:00 of 2nd period - Minor Penalty to Josh Morrissey for Interference.
4:01 of 2nd period - Chandler Stephenson wins face-off versus Colin White in Anaheim Ducks zone.
6:00 of 2nd period - Penalty to Josh Morrissey is over, Josh Morrissey is back on ice.
6:01 of 2nd period - Andreas Johnsson is hit by John Tavares and loses puck.
6:09 of 2nd period - Off-side.
6:10 of 2nd period - Zach Parise wins face-off versus Nazem Kadri in neutral zone.
6:13 of 2nd period - Wrist shot by Jonathan Drouin.
6:13 of 2nd period - Shot Misses the Net.
7:00 of 2nd period - Slapshot by Ivan Provorov.
7:00 of 2nd period - Stopped by Casey DeSmith with a rebound.
7:44 of 2nd period - Minor Penalty to Jakob Chychrun for Interference.
7:45 of 2nd period - Artemi Panarin wins face-off versus Chandler Stephenson in Anaheim Ducks zone.
7:56 of 2nd period - Slapshot by Jaden Schwartz.
7:56 of 2nd period - Shot Misses the Net.
8:00 of 2nd period - Wrist shot by Colin White.
8:00 of 2nd period - Stopped by Linus Ullmark with a rebound.
8:02 of 2nd period - Snap shot by P.K. Subban.
8:02 of 2nd period - Stopped by Linus Ullmark with a rebound.
9:44 of 2nd period - Penalty to Jakob Chychrun is over, Jakob Chychrun is back on ice.
10:08 of 2nd period - Slapshot by Nazem Kadri.
10:08 of 2nd period - Shot Blocked by Jordan Staal.
10:13 of 2nd period - Minor Penalty to Mason Marchment for Tripping.
10:14 of 2nd period - Vladislav Namestnikov wins face-off versus Chandler Stephenson in Anaheim Ducks zone.
10:28 of 2nd period - Ivan Provorov is hit by Vladislav Namestnikov and loses puck.
10:44 of 2nd period - Esa Lindell is hit by Jaden Schwartz and loses puck.
12:13 of 2nd period - Penalty to Mason Marchment is over, Mason Marchment is back on ice.
12:25 of 2nd period - Off-side.
12:26 of 2nd period - Jordan Staal wins face-off versus Nazem Kadri in neutral zone.
12:34 of 2nd period - Wrist shot by Jonathan Drouin.
12:34 of 2nd period - Shot Blocked by Brenden Dillon.
12:47 of 2nd period - Snap shot by Jonathan Drouin.
12:47 of 2nd period - Shot Misses the Net.
12:49 of 2nd period - Slapshot by P.K. Subban.
12:49 of 2nd period - Deflect By Jordan Staal.
12:49 of 2nd period - Shot Misses the Net.
12:49 of 2nd period - Puck is out of play.
12:50 of 2nd period - Anthony Cirelli wins face-off versus Teuvo Teravainen in Anaheim Ducks zone.
13:40 of 2nd period - Slapshot by Jakob Chychrun.
13:40 of 2nd period - Shot Misses the Net.
13:42 of 2nd period - Wrist shot by Radek Faksa.
13:42 of 2nd period - Stopped by Casey DeSmith without a rebound.
13:43 of 2nd period - Radek Faksa wins face-off versus Vladislav Namestnikov in Vegas Golden Knights zone.
13:48 of 2nd period - Snap shot by Calle Jarnkrok.
13:48 of 2nd period - Stopped by Casey DeSmith with a rebound.
13:50 of 2nd period - Minor Penalty to Andrew Peeke for High sticking.
13:51 of 2nd period - Mark Scheifele wins face-off versus Jordan Staal in Vegas Golden Knights zone.
13:58 of 2nd period - Snap shot by Nazem Kadri.
13:58 of 2nd period - Shot Blocked by Jordan Staal.
14:25 of 2nd period - Off-side.
14:26 of 2nd period - John Tavares wins face-off versus Jordan Staal in neutral zone.
14:29 of 2nd period - Slapshot by Brayden Schenn.
14:29 of 2nd period - Goal by Brayden Schenn - Anaheim Ducks : 2 - Vegas Golden Knights : 1.
14:30 of 2nd period - John Tavares wins face-off versus Jordan Staal in neutral zone.
14:30 of 2nd period - John Tavares is hit by Jordan Staal.
14:41 of 2nd period - Slapshot by Teuvo Teravainen.
14:41 of 2nd period - Stopped by Casey DeSmith with a rebound.
14:43 of 2nd period - Slapshot by Ivan Provorov.
14:43 of 2nd period - Stopped by Casey DeSmith with a rebound.
14:45 of 2nd period - Wrist shot by Brayden Schenn.
14:45 of 2nd period - Shot Misses the Net.
15:29 of 2nd period - Off-side.
15:30 of 2nd period - John Tavares wins face-off versus Jordan Staal in neutral zone.
15:46 of 2nd period - Marc Staal is hit by Josh Manson.
16:28 of 2nd period - Wrist shot by Alex Killorn.
16:28 of 2nd period - Shot Blocked by Jonathan Drouin.
16:52 of 2nd period - Snap shot by Andreas Johnsson.
16:52 of 2nd period - Stopped by Linus Ullmark without a rebound.
16:53 of 2nd period - John Tavares wins face-off versus Jordan Staal in Anaheim Ducks zone.
16:57 of 2nd period - Off-side.
16:58 of 2nd period - John Tavares wins face-off versus Jordan Staal in neutral zone.
17:27 of 2nd period - Slapshot by Artemi Panarin.
17:27 of 2nd period - Shot Misses the Net.
17:33 of 2nd period - Snap shot by Rickard Rakell.
17:33 of 2nd period - Stopped by Linus Ullmark with a rebound.
17:35 of 2nd period - Snap shot by Rickard Rakell.
17:35 of 2nd period - Shot Misses the Net.
17:37 of 2nd period - Snap shot by Rickard Rakell.
17:37 of 2nd period - Shot Misses the Net.
17:57 of 2nd period - Wrist shot by Colin White.
17:57 of 2nd period - Stopped by Linus Ullmark without a rebound.
17:58 of 2nd period - John Tavares wins face-off versus Jordan Staal in Anaheim Ducks zone.
19:52 of 2nd period - Slapshot by Jaden Schwartz.
19:52 of 2nd period - Shot Blocked by Esa Lindell.
19:54 of 2nd period - Wrist shot by Rickard Rakell.
19:54 of 2nd period - Stopped by Linus Ullmark with a rebound.
Goals for this period are 1 for Anaheim Ducks vs 0 for Vegas Golden Knights.
Shots for this period are 7 for Anaheim Ducks vs 11 for Vegas Golden Knights.
3rd period
0:01 of 3rd period - John Tavares wins face-off versus Jordan Staal in neutral zone.
0:16 of 3rd period - Wrist shot by John Tavares.
0:16 of 3rd period - Shot Misses the Net.
0:51 of 3rd period - Snap shot by J.T. Compher.
0:51 of 3rd period - Shot Blocked by Jonathan Drouin.
0:53 of 3rd period - Slapshot by Chandler Stephenson.
0:53 of 3rd period - Shot Blocked by Zach Parise.
0:55 of 3rd period - Snap shot by Alex Killorn.
0:55 of 3rd period - Deflect By Jonathan Drouin.
0:55 of 3rd period - Stopped by Casey DeSmith without a rebound.
0:56 of 3rd period - John Tavares wins face-off versus Jordan Staal in Vegas Golden Knights zone.
1:29 of 3rd period - Snap shot by Jonathan Drouin.
1:29 of 3rd period - Shot Blocked by Josh Morrissey.
1:31 of 3rd period - Slapshot by John Marino.
1:31 of 3rd period - Stopped by Linus Ullmark with a rebound.
1:33 of 3rd period - Snap shot by Zach Parise.
1:33 of 3rd period - Deflect By Vladislav Namestnikov.
1:33 of 3rd period - Shot Misses the Net.
1:33 of 3rd period - Puck is out of play.
1:34 of 3rd period - Nazem Kadri wins face-off versus Jordan Staal in Anaheim Ducks zone.
1:41 of 3rd period - Wrist shot by William Nylander.
1:41 of 3rd period - Stopped by Casey DeSmith with a rebound.
2:49 of 3rd period - Ivan Provorov is hit by Victor Olofsson and loses puck.
3:45 of 3rd period - Off-side.
3:46 of 3rd period - Vladislav Namestnikov wins face-off versus Teuvo Teravainen in neutral zone.
3:51 of 3rd period - Snap shot by Jonathan Drouin.
3:51 of 3rd period - Shot Misses the Net.
3:53 of 3rd period - Minor Penalty to Brenden Dillon for Interference.
3:54 of 3rd period - Chandler Stephenson wins face-off versus Colin White in Anaheim Ducks zone.
4:05 of 3rd period - Wrist shot by Chandler Stephenson.
4:05 of 3rd period - Stopped by Casey DeSmith without a rebound.
4:06 of 3rd period - Colin White wins face-off versus Chandler Stephenson in Vegas Golden Knights zone.
4:11 of 3rd period - Snap shot by Colin White.
4:11 of 3rd period - Stopped by Linus Ullmark with a rebound.
4:13 of 3rd period - Snap shot by Colin White.
4:13 of 3rd period - Goal by Colin White - Anaheim Ducks : 2 - Vegas Golden Knights : 2.
4:14 of 3rd period - Nazem Kadri wins face-off versus Jordan Staal in neutral zone.
4:49 of 3rd period - Snap shot by Jaden Schwartz.
4:49 of 3rd period - Stopped by Linus Ullmark without a rebound.
4:50 of 3rd period - Rickard Rakell wins face-off versus Chandler Stephenson in Anaheim Ducks zone.
4:59 of 3rd period - Slapshot by Rickard Rakell.
4:59 of 3rd period - Shot Misses the Net.
5:01 of 3rd period - Snap shot by Jaden Schwartz.
5:01 of 3rd period - Stopped by Linus Ullmark without a rebound.
5:02 of 3rd period - Artemi Panarin wins face-off versus Nazem Kadri in Anaheim Ducks zone.
5:13 of 3rd period - Wrist shot by Artemi Panarin.
5:13 of 3rd period - Stopped by Linus Ullmark with a rebound.
5:29 of 3rd period - Josh Morrissey is hit by Anthony Cirelli and loses puck.
6:02 of 3rd period - Wrist shot by Zach Parise.
6:02 of 3rd period - Shot Blocked by J.T. Compher.
6:12 of 3rd period - Marc Staal is hit by Mason Marchment and loses puck.
6:21 of 3rd period - Wrist shot by Victor Olofsson.
6:21 of 3rd period - Stopped by Linus Ullmark without a rebound.
6:22 of 3rd period - Nazem Kadri wins face-off versus Jordan Staal in Anaheim Ducks zone.
6:35 of 3rd period - Wrist shot by Artemi Panarin.
6:35 of 3rd period - Deflect By Tom Wilson.
6:35 of 3rd period - Shot Misses the Net.
6:35 of 3rd period - Puck is out of play.
6:36 of 3rd period - Jordan Staal wins face-off versus John Tavares in Anaheim Ducks zone.
6:41 of 3rd period - Wrist shot by Artemi Panarin.
6:41 of 3rd period - Stopped by Linus Ullmark with a rebound.
6:43 of 3rd period - Wrist shot by Jordan Staal.
6:43 of 3rd period - Stopped by Linus Ullmark without a rebound.
6:44 of 3rd period - John Tavares wins face-off versus Jordan Staal in Anaheim Ducks zone.
6:53 of 3rd period - John Marino is hit by Brayden Schenn and loses puck.
7:18 of 3rd period - Slapshot by Tom Wilson.
7:18 of 3rd period - Stopped by Linus Ullmark without a rebound.
7:19 of 3rd period - Anthony Cirelli wins face-off versus Nazem Kadri in Anaheim Ducks zone.
7:22 of 3rd period - Snap shot by Anthony Cirelli.
7:22 of 3rd period - Shot Misses the Net.
7:28 of 3rd period - Marc Staal is hit by Mark Scheifele and loses puck.
7:35 of 3rd period - Snap shot by Mark Scheifele.
7:35 of 3rd period - Shot Misses the Net.
7:45 of 3rd period - Chandler Stephenson is hit by Marc Staal and loses puck.
7:52 of 3rd period - Slapshot by Jakob Chychrun.
7:52 of 3rd period - Stopped by Casey DeSmith with a rebound.
8:12 of 3rd period - Victor Olofsson is hit by Radek Faksa and loses puck.
9:31 of 3rd period - Minor Penalty to P.K. Subban for Roughing.
9:32 of 3rd period - Nazem Kadri wins face-off versus Jordan Staal in Vegas Golden Knights zone.
9:35 of 3rd period - Slapshot by William Nylander.
9:35 of 3rd period - Shot Misses the Net.
9:37 of 3rd period - Snap shot by Nazem Kadri.
9:37 of 3rd period - Stopped by Casey DeSmith with a rebound.
9:39 of 3rd period - Slapshot by Jakob Chychrun.
9:39 of 3rd period - Stopped by Casey DeSmith with a rebound.
9:47 of 3rd period - Snap shot by Mark Scheifele.
9:47 of 3rd period - Shot Blocked by Andrew Peeke.
9:49 of 3rd period - Slapshot by William Nylander.
9:49 of 3rd period - Shot Misses the Net.
10:16 of 3rd period - Minor Penalty to John Tavares for Interference.
10:17 of 3rd period - Nazem Kadri wins face-off versus Jordan Staal in Anaheim Ducks zone.
11:10 of 3rd period - Snap shot by Anthony Cirelli.
11:10 of 3rd period - Shot Blocked by Brayden Schenn.
11:26 of 3rd period - Ivan Provorov is hit by Jordan Staal and loses puck.
11:31 of 3rd period - Penalty to P.K. Subban is over, P.K. Subban is back on ice.
11:44 of 3rd period - John Marino is hit by Esa Lindell and loses puck.
12:12 of 3rd period - Chandler Stephenson is hit by Anthony Cirelli and loses puck.
12:16 of 3rd period - Penalty to John Tavares is over, John Tavares is back on ice.
12:17 of 3rd period - Snap shot by Rickard Rakell.
12:17 of 3rd period - Stopped by Linus Ullmark without a rebound.
12:18 of 3rd period - Nazem Kadri wins face-off versus Vladislav Namestnikov in Anaheim Ducks zone.
12:18 of 3rd period - Nazem Kadri is hit by Vladislav Namestnikov.
12:34 of 3rd period - Snap shot by Mark Scheifele.
12:34 of 3rd period - Deflect By William Nylander.
12:34 of 3rd period - Shot Misses the Net.
12:34 of 3rd period - Puck is out of play.
12:35 of 3rd period - Colin White wins face-off versus John Tavares in Vegas Golden Knights zone.
12:37 of 3rd period - Minor Penalty to Andreas Johnsson for Goalie Interference.
12:38 of 3rd period - Nazem Kadri wins face-off versus Jordan Staal in Vegas Golden Knights zone.
12:54 of 3rd period - Slapshot by William Nylander.
12:54 of 3rd period - Deflect By Nazem Kadri.
12:54 of 3rd period - Stopped by Casey DeSmith without a rebound.
12:55 of 3rd period - Jordan Staal wins face-off versus Nazem Kadri in Vegas Golden Knights zone.
12:55 of 3rd period - Jordan Staal is hit by Nazem Kadri.
14:37 of 3rd period - Penalty to Andreas Johnsson is over, Andreas Johnsson is back on ice.
14:46 of 3rd period - Slapshot by Calle Jarnkrok.
14:46 of 3rd period - Deflect By Mason Marchment.
14:46 of 3rd period - Stopped by Casey DeSmith without a rebound.
14:47 of 3rd period - Vladislav Namestnikov wins face-off versus Radek Faksa in Vegas Golden Knights zone.
15:01 of 3rd period - Icing by Brenden Dillon.
15:02 of 3rd period - Radek Faksa wins face-off versus Colin White in Anaheim Ducks zone.
15:07 of 3rd period - Andrew Peeke is hit by Radek Faksa and loses puck.
15:28 of 3rd period - Wrist shot by Calle Jarnkrok.
15:28 of 3rd period - Shot Misses the Net.
15:30 of 3rd period - Slapshot by Josh Manson.
15:30 of 3rd period - Shot Blocked by Marc Staal.
16:03 of 3rd period - Snap shot by Colin White.
16:03 of 3rd period - Stopped by Linus Ullmark with a rebound.
16:29 of 3rd period - Snap shot by Victor Olofsson.
16:29 of 3rd period - Stopped by Linus Ullmark with a rebound.
16:31 of 3rd period - Minor Penalty to Brenden Dillon for Hooking.
16:32 of 3rd period - Chandler Stephenson wins face-off versus Artemi Panarin in Anaheim Ducks zone.
16:43 of 3rd period - Chandler Stephenson is hit by Tom Wilson and loses puck.
17:15 of 3rd period - Brayden Schenn is hit by Anthony Cirelli and loses puck.
17:58 of 3rd period - Brayden Schenn is hit by Andreas Johnsson and loses puck.
18:31 of 3rd period - Penalty to Brenden Dillon is over, Brenden Dillon is back on ice.
18:46 of 3rd period - Minor Penalty to Marc Staal for Tripping.
18:47 of 3rd period - Nazem Kadri wins face-off versus Jordan Staal in Vegas Golden Knights zone.
18:58 of 3rd period - Slapshot by Mark Scheifele.
18:58 of 3rd period - Deflect By Nazem Kadri.
18:58 of 3rd period - Goal by Nazem Kadri - Anaheim Ducks : 3 - Vegas Golden Knights : 2.
18:59 of 3rd period - Chandler Stephenson wins face-off versus Jordan Staal in neutral zone.
19:24 of 3rd period - Snap shot by Chandler Stephenson.
19:24 of 3rd period - Shot Misses the Net.
19:26 of 3rd period - Snap shot by Ivan Provorov.
19:26 of 3rd period - Shot Blocked by Artemi Panarin.
19:34 of 3rd period - Wrist shot by Chandler Stephenson.
19:34 of 3rd period - Shot Misses the Net.
19:36 of 3rd period - Wrist shot by Esa Lindell.
19:36 of 3rd period - Stopped by Casey DeSmith without a rebound.
19:37 of 3rd period - Lindy Ruff call a timeout for Vegas Golden Knights.
19:37 of 3rd period - Jordan Staal wins face-off versus Chandler Stephenson in Vegas Golden Knights zone.
19:42 of 3rd period - Vegas Golden Knights, Casey DeSmith is pulled from the net.
19:52 of 3rd period - Wrist shot by Alex Killorn.
19:52 of 3rd period - Shot Blocked by Brian Dumoulin.
19:54 of 3rd period - Snap shot by Chandler Stephenson.
19:54 of 3rd period - Deflect By Tom Wilson.
19:54 of 3rd period - Goal by Chandler Stephenson - Anaheim Ducks : 4 - Vegas Golden Knights : 2.
19:54 of 3rd period - Casey DeSmith from Vegas Golden Knights was sent back in the game.
19:55 of 3rd period - Vladislav Namestnikov wins face-off versus Chandler Stephenson in neutral zone.
Goals for this period are 2 for Anaheim Ducks vs 1 for Vegas Golden Knights.
Shots for this period are 11 for Anaheim Ducks vs 13 for Vegas Golden Knights.
Back to the Top